 Dungeon Crawl Stone Soup version 0.30-b1-2-g02819fbbbe (webtiles) character file.

Game seed: 10068837564037144277

56 Alarkh the Vexing (level 3, 0/27 HPs)
             Began as a Demonspawn Hexslinger on July 9, 2023.
             Slain by Robin
             ... wielding a +1 mace of holy wrath
              (3 damage)
             ... on level 2 of the Dungeon.
             The game lasted 00:01:52 (1224 turns).

Alarkh the Vexing (Demonspawn Hexslinger)           Turns: 1224, Time: 00:01:53

Health: 0/27       AC:  4    Str: 10    XL:     3   Next: 71%
Magic:  2/4        EV: 12    Int: 16    God:
Gold:   57         SH:  0    Dex: 13    Spells: 0/4 levels left

rFire   . . .        a - +1 sling
rCold   . . .        (no shield)
rNeg    . . .        c - +0 robe
rPois   .            (no helmet)
rElec   .            g - +0 cloak
rCorr   .            (no gloves)
SInv    .            h - +0 pair of boots
Will    +....        (no amulet)
Stlth   +            f - ring of willpower
HPRegen 0.24/turn    (no ring)
MPRegen 0.09/turn

%: no passive effects
@: flying
A: ignite blood 1
a: no special abilities


You were on level 2 of the Dungeon.
You visited 1 branch of the dungeon, and saw 2 of its levels.

You collected 57 gold pieces.

Inventory:

Hand Weapons
 a - a +1 sling (weapon)
Armour
 c - a +0 robe (worn)
 g - a +0 cloak (worn)
 h - a +0 pair of boots (worn)
Jewellery
 f - a ring of willpower (left hand)
Scrolls
 b - a scroll of poison
 d - a scroll of enchant armour {unknown}
 e - a scroll of teleportation {unknown}
 k - a scroll of fear {unknown}
 l - a scroll of identify {unknown}
Potions
 i - a potion of lignification {unknown}


   Skills:
 + Level 2.0 Fighting
 * Level 3.0 Ranged Weapons
 - Level 1.7 Dodging
 + Level 1.1 Spellcasting
 + Level 3.1 Hexes
 + Level 0.3 Fire Magic


You couldn't memorise any spells.
You knew the following spells:

 Your Spells              Type           Power      Damage    Failure   Level
a - Slow                  Hex            40%        N/A       6%          1
b - Inner Flame           Hex/Fire       6%         N/A       32%         3

Your spell library contained the following spells:

 Spells                   Type           Power      Damage    Failure   Level
 Portal Projectile        Hex/Tloc       10%        N/A       34%         3
 Cause Fear               Hex            5%         N/A       54%         4


Dungeon Overview and Level Annotations

Branches:
Dungeon (2/15)

Altars:

Shops:
D:1 [(

Annotations:
D:2 Robin


Innate Abilities, Weirdness & Mutations

Your demonic aura sometimes causes spilled blood to erupt in flames.


Message History

Robin barely misses you.
Your magical contamination has completely faded away.
You shoot a sling bullet. The sling bullet barely misses Robin.
Robin hits you with a +1 mace of holy wrath.
You convulse.
Robin hits you but does no damage.
You shoot a sling bullet. The sling bullet barely misses Robin.
Robin hits you but does no damage.
You shoot a sling bullet.
The sling bullet hits Robin but does no damage.
Robin is moderately wounded.
Robin barely misses you.
You shoot a sling bullet. The sling bullet hits Robin.
Robin is moderately wounded.
Robin hits you with a +1 mace of holy wrath.
You convulse.
You shoot a sling bullet. The sling bullet barely misses Robin.
Robin closely misses you.
Robin says, "Feeling lonely?"
Robin barely misses you.
You shoot a sling bullet. The sling bullet hits Robin.
Robin is heavily wounded.
Robin hits you with a +1 mace of holy wrath.
You convulse.
You shoot a sling bullet. The sling bullet hits Robin.
Robin is severely wounded.
Robin hits you with a +1 mace of holy wrath.
You convulse.
* * * LOW HITPOINT WARNING * * *
You shoot a sling bullet.
The sling bullet hits Robin but does no damage.
Robin is severely wounded.
Robin barely misses you.
Unknown command.
It was a potion of flight.
You feel very buoyant.
You fly up into the air.
Robin hits you with a +1 mace of holy wrath.
* * * LOW HITPOINT WARNING * * *
You convulse.
You die...

## #. #.# #.######
#.# #
#.#..#.##.##.#
#.....!......
####.....#.##.###.#
#<......#.g@.......
#...#.....†)#####.#
#.†.....#).##
..#.....†..#
.......).....#
......⌠......#
.............#
.###.....#.###
..#...#..#


You could see Robin.

Vanquished Creatures
  An adder (D:2)
  A dart slug (D:1)
  5 endoplasms
  A giant cockroach (D:1)
  7 goblins
  7 hobgoblins (D:1)
  6 jackals
  2 quokkas (D:1)
  2 ball pythons (D:1)
  A frilled lizard (D:1)
  2 kobolds (D:1)
  A rat (D:1)
36 creatures vanquished.

Notes
Turn   | Place    | Note
-------+----------+-------------------------------------------
     0 | D:1      | Alarkh the Demonspawn Hexslinger began the quest for the
                  | Orb.
     0 | D:1      | Reached XP level 1. HP: 15/15 MP: 2/2
    75 | D:1      | Gained mutation: Your demonic aura sometimes causes spilled
                  | blood to erupt in flames. [demonic ancestry]
    75 | D:1      | Reached XP level 2. HP: 13/21 MP: 3/3
   342 | D:1      | Found Nodoalit's Weapon Shop.
   585 | D:1      | Found Biatz's Armour Boutique.
   680 | D:1      | Reached XP level 3. HP: 27/27 MP: 4/4
   918 | D:1      | Learned a level 3 spell: Inner Flame
  1018 | D:2      | Noticed Robin
  1224 | D:2      | Slain by Robin

Illustrated notes

Levels and vault maps discovered:
D:1:      lemuel_arrival_rhombus, layout_basic, serial_shops,
          nicolae_shop_hallway_stairs, shop
D:2:      layout_loops_ring, grunt_ministairs_6, uniq_robin

Skill      XL: |  1  2  3 |
---------------+----------+-----
Ranged Weapons | 2 3 |  3.0
Fighting       | 2 |  2.0
Dodging        | |  1.7
Spellcasting   | |  1.1
Hexes          | |  3.1
Fire Magic     | |  0.3

Action                     || total
---------------------------++-------
   Fire: Sling             ||   123
    Use: Potion            ||     1
 Armour: Robe              ||    23
  Dodge: Dodged            ||    65
